AoeStats
← claudio_miranda_94

Arabia

510201498Analyzed
1v1 RM · 2d ago on Sep 29, 2026· 48m 55s· 2 players
Game mode
Random Map
Map size
Tiny (2 player)
Population
200
Speed
Normal
Resources
Standard
Victory
Conquest
Starting age
Dark Age
Ending age
Imperial Age
RankedLock teamsTeams togetherTeam positionsShared explorationLock speedFull tech treeHidden civsTurbo modeCheats
Victory
Defeat
🇧🇷 Tatars · Brazil
796
+18
🇨🇱 Vietnamese · Chile
837
-18
Azuu
1:18 Loom
7:12 Loom
11:59 Feudal Age
12:37 Horse Collar
12:43 Double-Bit Axe
14:37 Forging
15:23 Bloodlines
19:00 Wheelbarrow
19:59 Scale Barding Armor
19:46 Fletching
22:14 Castle Age
21:00 Fletching
21:16 Gold Mining
22:58 Husbandry
22:56 Bodkin Arrow
23:22 Chain Barding Armor
24:26 Bow Saw
24:36 Heavy Plow
26:51 Hand Cart
28:48 Light Cavalry
29:59 Town Watch
32:17 Ballistics
31:53 Murder Holes
31:41 Elite Skirmisher
33:33 Iron Casting
32:59 Padded Archer Armor
33:36 Silk Armor
37:02 Imperial Age
36:18 Masonry
36:42 Town Patrol
39:08 Bracer
40:09 Blast Furnace
39:45 Plate Barding Armor
39:26 Leather Archer Armor
39:55 Conscription
43:06 Chemistry
42:01 Heavy Cavalry Archer
47:38 Hussar
claudio_miranda_94
8:44 Loom
10:39 Feudal Age
11:35 Double-Bit Axe
11:32 Horse Collar
21:37 Castle Age
22:49 Thumb Ring
24:00 Bow Saw
23:52 Scale Mail Armor
24:03 Forging
23:57 Heavy Plow
24:12 Elite Skirmisher
25:25 Gold Mining
25:25 Stone Mining
25:31 Town Watch
26:22 Wheelbarrow
26:18 Town Patrol
26:58 Stone Shaft Mining
26:27 Squires
26:47 Padded Archer Armor
26:37 Fletching
28:06 Hand Cart
29:38 Leather Archer Armor
35:44 Imperial Age
35:21 Ballistics
34:57 Murder Holes
35:13 Masonry
34:44 Treadmill Crane
37:05 Husbandry
37:18 Bloodlines
36:33 Cavalier
37:48 Paper Money
38:04 Hoardings
37:20 Imperial Skirmisher
40:35 Two-Man Saw
40:13 Scale Barding Armor
40:44 Iron Casting
40:05 Bodkin Arrow
40:40 Ring Archer Armor
41:06 Chain Mail Armor
42:18 Chain Barding Armor
42:19 Elite Fire Lancer
44:55 Crop Rotation
49:26 Chemistry
48:31 Bracer
49:04 Plate Mail Armor
Connection lost

Rejoining the realm…

Still unreachable

The connection could not be restored.

Session expired

The server has moved on; the page needs a fresh start.